 Dungeon Sprint DCSS version bcrawl-1.21.3 (webtiles) character file.

Game seed: 9276050967578461939

23771 DieBirke the End of an Era (level 12, -19/106 HPs)
             Began as a Demonspawn Fighter on Apr 9, 2020.
             Was the Champion of Qazlal.
             Demolished by Saint Roka
             ... wielding a +1 great mace of holy wrath
              (25 damage)
             ... in the Dungeon (Sprint IX: "|||||||||||||||||||||||||||||").
             The game lasted 00:05:50 (3206 turns).

DieBirke the End of an Era (Demonspawn Fighter)     Turns: 3206, Time: 00:05:51

Health: -19/106    AC: 27    Str: 24    XL:     12   Next: 74%
Magic:  16/25      EV:  9    Int: 13    God:    Qazlal [******]
Gold:   964        SH: 22    Dex: 17    Spells: 11/11 levels left

rFire    . . .     SeeInvis .   a - +0 flail
rCold    . . .     Gourm    .   c - +0 medium shield
rNeg     . . .     Faith    .   K - +0 plate armour of the Rose {rElec Slay+3}
rPois    .         Spirit   .   p - +0 helmet
rElec    +         Reflect  .   z - +2 cloak {MR+}
rCorr    .         Harm     .   J - +1 pair of gloves
MR       +....     NoTele   +   A - +1 pair of boots {Stlth++}
Stlth    ..........             (no amulet)
HPRegen  0.27/turn              s - +3 ring of intelligence
MPRegen  0.19/turn              t - +3 ring of strength

@: exhausted, protected from physical damage, repel missiles
A: hooves 2, thin skeletal structure 2, foul stench 2, spiny 2, rot immunity
a: Upheaval, Elemental Force, Disaster Area, Renounce Religion


You were in the Dungeon.
You worshipped Qazlal.
Qazlal was exalted by your worship.
You were hungry.

You visited 1 branch You collected 1948 gold pieces.
You spent 984 gold pieces at shops.

Inventory:

Hand Weapons
 a - a +0 flail (weapon)
 I - the +7 falchion of Vodka {flame, rElec rPois}
   (You found it in the Dungeon)

   It has been specially enchanted to burn those struck by it, causing extra
   injury to most foes and up to half again as much damage against particularly
   susceptible opponents.
   Big, fiery blades are also staple armaments of hydra-hunters.
   It insulates you from electricity.
   It protects you from poison.
Missiles
 r - 2 throwing nets (quivered) {!f}
Armour
 c - a +0 medium shield (worn)
 p - a +0 helmet (worn)
 z - a +2 cloak of magic resistance (worn)
 A - a +1 pair of boots of stealth (worn)
 B - a +3 plate armour of cold resistance
 J - a +1 pair of gloves (worn)
 K - the +0 plate armour of the Rose (worn) {rElec Slay+3}
   (You found it in the Dungeon)

   It affects your accuracy and damage with ranged weapons and melee attacks
   (+3).
   It insulates you from electricity.
Jewellery
 s - a +3 ring of intelligence (left hand)
 t - a +3 ring of strength (right hand)
 y - an uncursed ring of protection from cold
 F - an uncursed ring of protection from magic
 G - an uncursed ring of protection from fire
 H - an uncursed ring of protection from magic
Wands
 L - a wand of iceblast (8)
Scrolls
 d - 2 scrolls of identify
 k - 5 scrolls of blinking
 l - 4 scrolls of remove curse
 m - 2 scrolls of amnesia
 u - 2 scrolls of fog
 v - 2 scrolls of fear
 w - 2 scrolls of enchant weapon
 x - 2 scrolls of enchant armour
Potions
 b - 3 potions of berserk rage
 f - 11 potions of curing
 g - 2 potions of heal wounds
 h - a potion of haste
 i - 4 potions of magic
 j - a potion of invisibility
 n - 3 potions of mutation
 o - a potion of agility
 q - a potion of resistance
 C - a potion of might
 D - a potion of brilliance {unknown}
Comestibles
 e - 11 rations {!d}


   Skills:
 + Level 13.8 Fighting
 + Level 16.4 Maces & Flails
 + Level 10.8 Armour
 + Level 4.4 Dodging
 + Level 13.6 Shields
 + Level 19.0 Invocations
 - Level 3.4 Evocations


You had 11 spell levels left.
You didn't know any spells.
Your spell library was empty.

Dungeon Overview and Level Annotations

Branches:
Dungeon (1/1)

Altars:
Cheibriados
Dithmenos
Elyvilon
Fedhas
Gozag
Hepliaklqana
Kikubaaqudgha
Lugonu
Makhleb
Nemelex Xobeh
Okawaru
Qazlal
Ru
Sif Muna
Trog
Uskayaw
Vehumet
Wu Jian
Xom
Yredelemnul
Zin
The Shining One
Beogh
Jiyva

Shops:
D !}[%

Annotations:
D Saint Roka


Innate Abilities, Weirdness & Mutations

You have hoof-like feet.
You have a moderately thin skeletal structure. (Dex +4, Stealth+)
You frequently emit foul miasma when damaged in melee.
You are mostly covered in sharp spines.
You are immune to rotting.


Message History

You hit Saint Roka.
Saint Roka is heavily wounded.
You completely miss Saint Roka.
Saint Roka is heavily wounded.
Saint Roka hits you with a +1 great mace of holy wrath.
* * * LOW HITPOINT WARNING * * *
You convulse.
* * * LOW HITPOINT WARNING * * *
You thump Saint Roka!
Saint Roka is heavily wounded.
You block Saint Roka's attack.
You feel much better.
Saint Roka is no longer encased in ice.
You block Saint Roka's attack.
You hit Saint Roka.
Saint Roka is heavily wounded.
Saint Roka hits you with a +1 great mace of holy wrath!!
* * * LOW HITPOINT WARNING * * *
You feel more protected from physical attacks.
You convulse!!
You die...

▓.▓.▓.▓.▓)▓.▓.▓.▓
▓.▓.▓.▓.▓)▓.▓.▓.▓
▓.▓.▓.▓.▓)▓.▓)▓[▓
▓'▓.▓.▓.▓÷▓.▓)▓≈▓
▓_▓.▓.▓.▓[▓.▓)▓.▓
▓_▓.▓.▓.▓)▓.▓)▓)▓
▓_▓.▓.▓.▓.▓.▓.▓.▓
▓_▓.▓.▓.▓)▓.▓)▓o▓
▓_▓.▓÷▓.▓.▓.▓)▓@▓
▓_▓.▓.▓)▓[▓.▓)▓)▓
▓_▓.▓.▓.▓)▓.▓.▓.▓
▓_▓.▓.▓.▓.▓.▓[▓.▓
▓_▓.▓.▓.▓.▓.▓.▓≈▓
▓_▓.▓.▓.▓.▓.▓[▓.▓
▓_▓.▓.▓.▓'▓.▓[▓.▓
▓_▓.▓.▓[▓)▓.▓[▓.▓
▓_▓.▓.▓.▓)▓.▓[▓.▓


You could see Saint Roka.

Vanquished Creatures
  Kirke (D)
  3 stone giants (D)
  An ettin (D)
  Harold (D)
  Erolcha (D)
  2 centaur warriors (D)
  An ogre mage (D)
  An orc high priest (D)
  Sonja (D)
  A necromancer (D)
  A cyclops (D)
  4 orc knights (D)
  3 ugly things (D)
  7 orc sorcerers (D)
  Maurice (D)
  Joseph (D)
  A cane toad (D)
  A kobold demonologist (D)
  A rime drake (D)
  4 polar bears (D)
  2 trolls (D)
  A dream sheep (D)
  A hippogriff (D)
  3 yaks (D)
  A basilisk (D)
  3 crocodiles (D)
  4 water moccasins (D)
  2 porcupines (D)
  5 black bears (D)
  An ice beast (D)
  17 orc warriors (D)
  An ogre (D)
  A centaur (D)
  A necrophage (D)
  3 bullfrogs (D)
  A killer bee (D)
  A wight (D)
  4 orc priests (D)
  An orc wizard (D)
  2 worker ants (D)
  12 orcs (D)
  A bat zombie (D)
  A hobgoblin (D)
  2 ball python zombies (D)
  A bat (D)
  A jackal zombie (D)
  A kobold (D)
  2 rats (D)
113 creatures vanquished.

Notes
Turn   | Place    | Note
-------+----------+-------------------------------------------
     0 | D        | DieBirke the Demonspawn Fighter began the quest for the
                  | Orb.
     0 | D        | Reached XP level 1. HP: 18/18 MP: 1/1
    67 | D        | Noticed an ogre
    67 | D        | Noticed a centaur
    67 | D        | Noticed a worker ant
    67 | D        | Noticed a worker ant
    72 | D        | Killed an ogre
    72 | D        | Reached skill level 5 in Fighting
    72 | D        | Reached skill level 5 in Maces & Flails
    72 | D        | Gained mutation: You have a somewhat thin skeletal
                  | structure. (Dex +2, Stealth) [demonic ancestry]
    72 | D        | Reached XP level 2. HP: 25/27 MP: 2/2
    72 | D        | Gained mutation: You are partially covered in sharp spines.
                  | [demonic ancestry]
    72 | D        | Reached XP level 3. HP: 30/33 MP: 3/3
    72 | D        | Gained mutation: You are immune to rotting. [demonic
                  | ancestry]
    72 | D        | Reached XP level 4. HP: 36/39 MP: 4/4
    76 | D        | Killed a centaur
    76 | D        | Reached skill level 5 in Shields
    76 | D        | Gained mutation: You may emit foul miasma when damaged in
                  | melee. [demonic ancestry]
    76 | D        | Reached XP level 5. HP: 39/46 MP: 5/5
    92 | D        | Found a roughly hewn altar of Beogh.
    92 | D        | Found a snail-covered altar of Cheibriados.
    92 | D        | Found a shadowy altar of Dithmenos.
    92 | D        | Found a white marble altar of Elyvilon.
    92 | D        | Found a blossoming altar of Fedhas.
    92 | D        | Found an opulent altar of Gozag.
    93 | D        | Found a hazy altar of Hepliaklqana.
    94 | D        | Found a viscous altar of Jiyva.
    95 | D        | Found an ancient bone altar of Kikubaaqudgha.
    96 | D        | Found a corrupted altar of Lugonu.
    97 | D        | Found a burning altar of Makhleb.
    98 | D        | Found a sparkling altar of Nemelex Xobeh.
    99 | D        | Found an iron altar of Okawaru.
   100 | D        | Found a stormy altar of Qazlal.
   101 | D        | Found a sacrificial altar of Ru.
   102 | D        | Found a shimmering blue altar of Sif Muna.
   103 | D        | Found a bloodstained altar of Trog.
   104 | D        | Found a hide-covered altar of Uskayaw.
   105 | D        | Found a radiant altar of Vehumet.
   106 | D        | Found an ornate altar of the Wu Jian Council.
   107 | D        | Found a shimmering altar of Xom.
   108 | D        | Became a worshipper of Qazlal Stormbringer
   109 | D        | Found a basalt altar of Yredelemnul.
   110 | D        | Found a glowing silver altar of Zin.
   111 | D        | Found a glowing golden altar of the Shining One.
   128 | D        | Got the +2 rapier of Ruination {drain, rF+ Str+2}
   292 | D        | Noticed a centaur warrior
   292 | D        | Noticed a white ugly thing
   292 | D        | Noticed a necrophage
   295 | D        | Reached skill level 5 in Armour
   299 | D        | Killed a centaur warrior
   299 | D        | Reached skill level 10 in Maces & Flails
   299 | D        | Reached skill level 1 in Dodging
   299 | D        | Reached skill level 1 in Evocations
   299 | D        | Reached XP level 6. HP: 54/57 MP: 5/7
   299 | D        | Reached XP level 7. HP: 60/63 MP: 5/8
   299 | D        | Killed a white ugly thing
   299 | D        | Reached * piety under Qazlal
   299 | D        | Gained mutation: You have a moderately thin skeletal
                  | structure. (Dex +4, Stealth+) [demonic ancestry]
   299 | D        | Reached XP level 8. HP: 68/71 MP: 5/9
   305 | D        | Reached ** piety under Qazlal
   341 | D        | Noticed a kobold demonologist
   341 | D        | Noticed a cyan ugly thing
   341 | D        | Noticed a troll
   341 | D        | Noticed a cyclops
   358 | D        | Killed a cyan ugly thing
   363 | D        | Killed a troll
   363 | D        | Reached *** piety under Qazlal
   363 | D        | Gained mutation: You have large cloven feet. [demonic
                  | ancestry]
   363 | D        | Reached XP level 9. HP: 7/78 MP: 9/11
   364 | D        | Noticed a sun demon
   364 | D        | Killed a kobold demonologist
   364 | D        | Killed a cyclops
   364 | D        | Reached skill level 10 in Fighting
   778 | D        | Noticed a rime drake
   780 | D        | Noticed a cane toad
   787 | D        | Reached **** piety under Qazlal
   795 | D        | Killed a rime drake
   808 | D        | Killed a cane toad
   808 | D        | Reached ***** piety under Qazlal
   808 | D        | Gained mutation: You are mostly covered in sharp spines.
                  | [demonic ancestry]
   808 | D        | Reached XP level 10. HP: 40/86 MP: 12/12
  1063 | D        | Reached skill level 3 in Invocations
  1068 | D        | Reached skill level 4 in Invocations
  1075 | D        | Reached skill level 5 in Invocations
  1104 | D        | Reached skill level 6 in Invocations
  1110 | D        | Reached skill level 7 in Invocations
  1117 | D        | Reached skill level 8 in Invocations
  1120 | D        | Reached ****** piety under Qazlal
  1120 | D        | Reached skill level 9 in Invocations
  1337 | D        | Reached skill level 10 in Invocations
  1339 | D        | Reached skill level 11 in Invocations
  1359 | D        | Reached skill level 12 in Invocations
  1550 | D        | Noticed Joseph
  1567 | D        | Killed Joseph
  1567 | D        | Reached skill level 13 in Invocations
  1579 | D        | Noticed Maurice
  1610 | D        | Killed Maurice
  1610 | D        | Reached skill level 15 in Maces & Flails
  1731 | D        | Noticed Sonja
  1750 | D        | Killed Sonja
  1986 | D        | Noticed an orc knight
  1991 | D        | Gained mutation: You have hoof-like feet. [demonic
                  | ancestry]
  1991 | D        | Reached XP level 11. HP: 79/93 MP: 21/21
  2002 | D        | Killed an orc knight
  2196 | D        | Reached skill level 10 in Shields
  2204 | D        | Noticed an orc high priest
  2223 | D        | Killed an orc high priest
  2223 | D        | Reached skill level 14 in Invocations
  2224 | D        | Noticed an orc knight
  2225 | D        | Noticed an orc sorcerer
  2227 | D        | Noticed an orc sorcerer
  2228 | D        | Noticed an orc sorcerer
  2229 | D        | Found Pics's Distillery.
  2229 | D        | Noticed an orc knight
  2230 | D        | Noticed an orc sorcerer
  2242 | D        | Killed an orc sorcerer
  2242 | D        | Killed an orc sorcerer
  2242 | D        | Killed an orc sorcerer
  2242 | D        | Killed an orc sorcerer
  2242 | D        | Killed an orc knight
  2242 | D        | Reached skill level 15 in Invocations
  2249 | D        | Killed an orc knight
  2250 | D        | Found Imidiura's Gadget Shoppe.
  2250 | D        | Noticed an orc knight
  2258 | D        | Noticed an orc sorcerer
  2268 | D        | Noticed an orc sorcerer
  2269 | D        | Killed an orc knight
  2273 | D        | Killed an orc sorcerer
  2281 | D        | Paralysed by an orc sorcerer for 2 turns
  2287 | D        | Killed an orc sorcerer
  2320 | D        | Found Jegogeq's Armour Emporium.
  2324 | D        | Found Veown's Food Shoppe.
  2330 | D        | Noticed an orc sorcerer
  2333 | D        | Killed an orc sorcerer
  2346 | D        | Bought a +1 pair of boots of stealth for 181 gold pieces
  2356 | D        | Bought a +3 plate armour of cold resistance for 495 gold
                  | pieces
  2372 | D        | Bought a potion of resistance for 140 gold pieces
  2372 | D        | Bought a potion of might for 56 gold pieces
  2372 | D        | Bought a potion of mutation for 112 gold pieces
  2616 | D        | Noticed Harold
  2643 | D        | Killed Harold
  2643 | D        | Reached skill level 16 in Invocations
  2849 | D        | Got the +7 falchion of Vodka {flame, rElec rPois}
  2872 | D        | Got the +0 plate armour of the Rose {rElec Slay+3}
  2906 | D        | Noticed a centaur warrior
  2907 | D        | Noticed a stone giant
  2909 | D        | Noticed a red ugly thing
  2910 | D        | Noticed a stone giant
  2910 | D        | Noticed an ogre mage
  2913 | D        | Noticed a stone giant
  2913 | D        | Killed a centaur warrior
  2913 | D        | Gained mutation: You frequently emit foul miasma when
                  | damaged in melee. [demonic ancestry]
  2913 | D        | Reached XP level 12. HP: 103/103 MP: 17/24
  2915 | D        | Noticed an ettin
  2923 | D        | Killed an ogre mage
  2923 | D        | Reached skill level 10 in Armour
  2923 | D        | Reached skill level 17 in Invocations
  2923 | D        | Killed an ettin
  2923 | D        | Killed a stone giant
  2928 | D        | Killed a stone giant
  2928 | D        | Reached skill level 18 in Invocations
  2932 | D        | Killed a stone giant
  3024 | D        | Noticed Erolcha
  3036 | D        | Killed Erolcha
  3068 | D        | Noticed Kirke
  3114 | D        | Killed Kirke
  3179 | D        | Noticed Saint Roka
  3194 | D        | Reached skill level 19 in Invocations
  3203 | D        | HP: 5/106 [Saint Roka/+1 great mace of holy wrath (3)]
  3206 | D        | Demolished by Saint Roka

Skill      XL: |  1  2  3  4  5  6  7  8  9 10 11 12 |
---------------+-------------------------------------+-----
Maces & Flails | 5 6 10 11 12 14 15 16 | 16.4
Armour         | 4 6 7 8 9 10 | 10.8
Shields        | 4 5 7 8 9 12 13 | 13.6
Fighting       | 5 8 9 10 11 12 13 | 13.8
Dodging        | 1 2 3 4 |  4.4
Evocations     | 1 2 3 |  3.4
Invocations    | 13 16 19 | 19.0

Action                   |  1- 3 |  4- 6 |  7- 9 | 10-12 || total
-------------------------+-------+-------+-------+-------++-------
Melee: Flail             |    17 |    15 |    51 |   294 ||   377
       Unarmed           |       |       |       |    13 ||    13
Invok: Disaster Area     |       |       |       |    12 ||    12
Evoke: Wand              |       |     3 |     7 |       ||    10
  Use: Potion            |     1 |       |     1 |     1 ||     3
  Eat: Chunk             |       |       |       |     7 ||     7
Armor: Scale mail        |     4 |     1 |       |       ||     5
       Chain mail        |       |     2 |     5 |    52 ||    59
       Plate armour      |       |       |       |    20 ||    20
Dodge: Dodged            |     4 |     8 |     6 |    42 ||    60
       Deflected         |       |       |     1 |     6 ||     7
Block: Medium shield     |     7 |     9 |    17 |   230 ||   263
       Other             |       |       |       |     2 ||     2
